| TOP OF THE 1ST |
|
Port Lavaca Indians batting - Pitching for Sarasota Eagles : RHP Mark Bauer
|
|
Pitching: RHP Mark Bauer
|
|
|
Batting: RHB Jeff Schugel
|
0-0: Foul Ball, location: 2F 0-1: Swinging Strike 0-2: Strikes out swinging
|
|
Batting: LHB Raul Dominguez
|
0-0: SINGLE (Groundball, 6MD, EV 96.9 MPH)
|
|
Batting: LHB Antonio Huerta
|
0-0: Called Strike 0-1: Foul Ball, location: 2F 0-2: Ball 1-2: Foul Ball, location: 2F 1-2: Strikes out looking
|
|
Batting: RHB Ramon Sarmiento
|
0-0: Foul Ball, location: 2F 0-1: Ball 1-1: Foul Ball, location: 2F 1-2: Strikes out swinging
|
| Top of the 1st over - 0 runs, 1 hit, 0 errors, 1 left on base; Port Lavaca 0 - Sarasota 0 |
| BOTTOM OF THE 1ST |
|
Sarasota Eagles batting - Pitching for Port Lavaca Indians : LHP Lester Strode
|
|
Pitching: LHP Lester Strode
|
|
|
Batting: SHB Ramon Sambo
|
0-0: Fly out, F7 (Flyball, 7D, EV 98.8 MPH)
|
|
Batting: RHB Gary Appino
|
0-0: Ball 1-0: Ball 2-0: Ball 3-0: Called Strike 3-1: Base on Balls
|
|
Batting: RHB Thomas Brassil
|
0-0: SINGLE (Line Drive, 7S, EV 104.4 MPH) Gary Appino to second
|
|
Batting: RHB Darrin Jackson
|
0-0: Called Strike 0-1: Ball 1-1: Ball 2-1: Fly out, F7 (Flyball, 7, EV 79.4 MPH)
|
|
Batting: RHB Jose Estrada
|
0-0: Called Strike 0-1: Ball 1-1: Ball 2-1: Ball 3-1: Base on Balls Gary Appino to third Thomas Brassil to second
|
|
Batting: SHB Todd Mabe
|
0-0: Ball 1-0: Foul Ball, location: 2F 1-1: Swinging Strike 1-2: Ball 2-2: Foul Ball, location: 2F 2-2: Ground out 4-3 (Groundball, 4, EV 78.8 MPH)
|
| Bottom of the 1st over - 0 runs, 1 hit, 0 errors, 3 left on base; Port Lavaca 0 - Sarasota 0 |
| TOP OF THE 2ND |
|
Port Lavaca Indians batting - Pitching for Sarasota Eagles : RHP Mark Bauer
|
|
Batting: LHB Wally Joyner
|
0-0: Called Strike 0-1: Ball 1-1: Ball 2-1: Foul Ball, location: 2F 2-2: Ball 3-2: Base on Balls
|
|
Batting: RHB Jeffrey Rhodes
|
0-0: Called Strike 0-1: Called Strike 0-2: Foul Ball, location: 2F 0-2: Ball 1-2: Fly out, F8 (Flyball, 89XD, EV 110.6 MPH)
|
|
Batting: RHB DeMarlo Hale
|
0-0: Called Strike 0-1: Foul Ball, location: 2F 0-2: Foul Ball, location: 2F 0-2: Ball 1-2: Strikes out swinging
|
|
Batting: RHB Robbie Wine
|
0-0: Fly out, F5 (Line Drive, 5, EV 71.3 MPH)
|
| Top of the 2nd over - 0 runs, 0 hits, 0 errors, 1 left on base; Port Lavaca 0 - Sarasota 0 |
| BOTTOM OF THE 2ND |
|
Sarasota Eagles batting - Pitching for Port Lavaca Indians : LHP Lester Strode
|
|
Batting: LHB Dave Martinez
|
0-0: Ball 1-0: Fly out, F8 (Line Drive, 8RM, EV 90.0 MPH)
|
|
Batting: RHB Matt Stark
|
0-0: Swinging Strike 0-1: Ball 1-1: Swinging Strike 1-2: Ball 2-2: Strikes out swinging
|
|
Batting: LHB Jesus Mercado
|
0-0: Ball 1-0: Swinging Strike 1-1: Ball 2-1: Ball 3-1: Called Strike 3-2: Strikes out swinging
|
| Bottom of the 2nd over - 0 runs, 0 hits, 0 errors, 0 left on base; Port Lavaca 0 - Sarasota 0 |
| TOP OF THE 3RD |
|
Port Lavaca Indians batting - Pitching for Sarasota Eagles : RHP Mark Bauer
|
|
Batting: RHB Robert Mills
|
0-0: Called Strike 0-1: Ball 1-1: Swinging Strike 1-2: Strikes out swinging
|
|
Batting: RHB Jeff Schugel
|
0-0: Ball 1-0: Ground out 5-3 (Groundball, 5S, EV 83.8 MPH)
|
|
Batting: LHB Raul Dominguez
|
0-0: Foul Ball, location: 2F 0-1: Ball 1-1: Ball 2-1: Ball 3-1: Foul Ball, location: 2F 3-2: Ground out 4-3 (Groundball, 13, EV 88.8 MPH)
|
| Top of the 3rd over - 0 runs, 0 hits, 0 errors, 0 left on base; Port Lavaca 0 - Sarasota 0 |
| BOTTOM OF THE 3RD |
|
Sarasota Eagles batting - Pitching for Port Lavaca Indians : LHP Lester Strode
|
|
Batting: SHB Ramon Sambo
|
0-0: Ball 1-0: Called Strike 1-1: Foul Ball, location: 2F 1-2: Strikes out swinging
|
|
Batting: RHB Gary Appino
|
0-0: Called Strike 0-1: Ball 1-1: Swinging Strike 1-2: Strikes out swinging
|
|
Batting: RHB Thomas Brassil
|
0-0: Ball 1-0: SINGLE (Line Drive, 4M, EV 98.1 MPH)
|
|
Batting: RHB Darrin Jackson
|
0-0: SINGLE (Groundball, 56D, EV 101.9 MPH) Thomas Brassil to second
|
|
Batting: RHB Jose Estrada
|
0-0: Called Strike 0-1: Swinging Strike 0-2: Fly out, F8 (Flyball, 8RM, EV 98.8 MPH)
|
| Bottom of the 3rd over - 0 runs, 2 hits, 0 errors, 2 left on base; Port Lavaca 0 - Sarasota 0 |
| TOP OF THE 4TH |
|
Port Lavaca Indians batting - Pitching for Sarasota Eagles : RHP Mark Bauer
|
|
Batting: LHB Antonio Huerta
|
0-0: Ball 1-0: Ball 2-0: Called Strike 2-1: Fly out, F8 (Flyball, 8LS, EV 93.8 MPH)
|
|
Batting: RHB Ramon Sarmiento
|
0-0: Foul Ball, location: 2F 0-1: Swinging Strike 0-2: Foul Ball, location: 2F 0-2: Ball 1-2: Strikes out swinging
|
|
Batting: LHB Wally Joyner
|
0-0: Swinging Strike 0-1: Swinging Strike 0-2: Strikes out swinging
|
| Top of the 4th over - 0 runs, 0 hits, 0 errors, 0 left on base; Port Lavaca 0 - Sarasota 0 |
| BOTTOM OF THE 4TH |
|
Sarasota Eagles batting - Pitching for Port Lavaca Indians : LHP Lester Strode
|
|
Batting: SHB Todd Mabe
|
0-0: Called Strike 0-1: SINGLE (Line Drive, 6D, EV 101.9 MPH)
|
|
Batting: LHB Dave Martinez
|
0-0: Swinging Strike 0-1: Foul Ball, location: 2F 0-2: Ball 1-2: SINGLE (Groundball, 6M, EV 113.1 MPH) (infield hit) Todd Mabe to second
|
|
Batting: RHB Matt Stark
|
0-0: Called Strike 0-1: Ball 1-1: Grounds into double play, 6-4-3 (Groundball, 6, EV 86.9 MPH) Todd Mabe to third
|
|
Batting: LHB Jesus Mercado
|
0-0: Fly out, F8 (Flyball, 8LM, EV 77.5 MPH)
|
| Bottom of the 4th over - 0 runs, 2 hits, 0 errors, 1 left on base; Port Lavaca 0 - Sarasota 0 |
| TOP OF THE 5TH |
|
Port Lavaca Indians batting - Pitching for Sarasota Eagles : RHP Mark Bauer
|
|
Batting: RHB Jeffrey Rhodes
|
0-0: Fly out, F8 (Line Drive, 8RD, EV 95.6 MPH)
|
|
Batting: RHB DeMarlo Hale
|
0-0: Called Strike 0-1: Called Strike 0-2: Strikes out swinging
|
|
Batting: RHB Robbie Wine
|
0-0: Swinging Strike 0-1: Swinging Strike 0-2: Strikes out looking
|
| Top of the 5th over - 0 runs, 0 hits, 0 errors, 0 left on base; Port Lavaca 0 - Sarasota 0 |
| BOTTOM OF THE 5TH |
|
Sarasota Eagles batting - Pitching for Port Lavaca Indians : LHP Lester Strode
|
|
Batting: SHB Ramon Sambo
|
0-0: Ball 1-0: Swinging Strike 1-1: Foul Ball, location: 2F 1-2: Ball 2-2: Ball 3-2: DOUBLE (Flyball, 78D, EV 109.4 MPH)
|
|
Batting: RHB Gary Appino
|
0-0: Ball 1-0: Foul Ball, location: 2F 1-1: Swinging Strike 1-2: Ball 2-2: Fly out, F8 (Flyball, 89D, EV 95.0 MPH) Runner from 2nd tags up, SAFE at 3rd, no throw by CF
|
|
Batting: RHB Thomas Brassil
|
0-0: Ball 1-0: Swinging Strike 1-1: Fly out, F8 (Flyball, 78M, EV 94.4 MPH) Runner from 3rd tags up, SCORES, no throw by CF
|
|
Batting: RHB Darrin Jackson
|
0-0: Ball 1-0: Fly out, F4 (Popup, 4MS, EV 81.3 MPH)
|
| Bottom of the 5th over - 1 run, 1 hit, 0 errors, 0 left on base; Port Lavaca 0 - Sarasota 1 |
| TOP OF THE 6TH |
|
Port Lavaca Indians batting - Pitching for Sarasota Eagles : RHP Mark Bauer
|
|
Batting: RHB Robert Mills
|
0-0: Swinging Strike 0-1: Foul Ball, location: 2F 0-2: Ground out U3 (Groundball, 34S, EV 80.6 MPH)
|
|
Batting: RHB Jeff Schugel
|
0-0: Called Strike 0-1: Ball 1-1: Ball 2-1: Ball 3-1: Base on Balls
|
|
Batting: LHB Raul Dominguez
|
0-0: Called Strike 0-1: Ball 1-1: Ball 2-1: Ball 3-1: Base on Balls Jeff Schugel to second
|
|
Batting: LHB Antonio Huerta
|
0-0: Ball 1-0: Called Strike Jeff Schugel is caught stealing 3rd base 2-5 Raul Dominguez to second 1-1: Ball 2-1: Swinging Strike 2-2: Ball 3-2: Fly out, F7 (Flyball, 78M, EV 78.1 MPH)
|
| Top of the 6th over - 0 runs, 0 hits, 0 errors, 1 left on base; Port Lavaca 0 - Sarasota 1 |
| BOTTOM OF THE 6TH |
|
Sarasota Eagles batting - Pitching for Port Lavaca Indians : LHP Lester Strode
|
|
Batting: RHB Jose Estrada
|
0-0: Ball 1-0: Foul Ball, location: 2F 1-1: Ball 2-1: Called Strike 2-2: Foul Ball, location: 2F 2-2: Ball 3-2: Fly out, F8 (Flyball, 8LXD, EV 98.1 MPH)
|
|
Batting: SHB Todd Mabe
|
0-0: Ball 1-0: Called Strike 1-1: Ball 2-1: Ball 3-1: Foul Ball, location: 2F 3-2: Strikes out swinging
|
|
Batting: LHB Dave Martinez
|
0-0: Called Strike 0-1: Swinging Strike 0-2: Strikes out swinging
|
| Bottom of the 6th over - 0 runs, 0 hits, 0 errors, 0 left on base; Port Lavaca 0 - Sarasota 1 |
| TOP OF THE 7TH |
|
Port Lavaca Indians batting - Pitching for Sarasota Eagles : RHP Mark Bauer
|
|
Batting: RHB Ramon Sarmiento
|
0-0: Ball 1-0: Swinging Strike 1-1: Foul Ball, location: 2F 1-2: Foul Ball, location: 2F 1-2: Ball 2-2: Foul Ball, location: 2F 2-2: Strikes out swinging
|
|
Batting: LHB Wally Joyner
|
0-0: Fly out, F9 (Flyball, 89S, EV 87.5 MPH)
|
|
Batting: RHB Jeffrey Rhodes
|
0-0: Fly out, F8 (Flyball, 89D, EV 101.9 MPH)
|
| Top of the 7th over - 0 runs, 0 hits, 0 errors, 0 left on base; Port Lavaca 0 - Sarasota 1 |
| BOTTOM OF THE 7TH |
|
Sarasota Eagles batting - Pitching for Port Lavaca Indians : LHP Lester Strode
|
|
Batting: RHB Matt Stark
|
0-0: Ball 1-0: Ball 2-0: Ground out U3 (Groundball, 3L, EV 88.1 MPH)
|
|
Batting: LHB Jesus Mercado
|
0-0: Ball 1-0: Ball 2-0: Ground out 4-3 (Groundball, 34, EV 96.9 MPH)
|
|
Batting: SHB Ramon Sambo
|
0-0: Ball 1-0: Ball 2-0: Ball 3-0: Called Strike 3-1: Base on Balls
|
|
Batting: RHB Gary Appino
|
0-0: Fly out, F7 (Flyball, 78S, EV 88.1 MPH)
|
| Bottom of the 7th over - 0 runs, 0 hits, 0 errors, 1 left on base; Port Lavaca 0 - Sarasota 1 |
| TOP OF THE 8TH |
|
Port Lavaca Indians batting - Pitching for Sarasota Eagles : RHP Mark Bauer
|
|
Batting: RHB DeMarlo Hale
|
0-0: Ball 1-0: Swinging Strike 1-1: Called Strike 1-2: Ball 2-2: Ground out 4-3 (Groundball, 4, EV 99.4 MPH)
|
|
Batting: RHB Robbie Wine
|
0-0: Ball 1-0: Called Strike 1-1: Ball 2-1: SINGLE (Line Drive, 8RS, EV 106.3 MPH)
|
|
Pitching: RHP Charlie Corbell
|
|
|
Batting: RHB Robert Mills
|
0-0: Called Strike 0-1: Ball 1-1: Ball 2-1: Fly out, F8 (Line Drive, 8RM, EV 98.1 MPH)
|
|
Pinch Hitting: LHB Scott Loseke
|
0-0: Ball 1-0: Foul Ball, location: 2F 1-1: Ball 2-1: Foul Ball, location: 2F 2-2: Foul Ball, location: 2F 2-2: Foul Ball, location: 2F 2-2: Ground out 4-3 (Groundball, 34, EV 106.3 MPH)
|
| Top of the 8th over - 0 runs, 1 hit, 0 errors, 1 left on base; Port Lavaca 0 - Sarasota 1 |
| BOTTOM OF THE 8TH |
|
Sarasota Eagles batting - Pitching for Port Lavaca Indians : LHP Lester Strode
|
|
Now at 3B: Zoilo Sanchez
|
|
|
Batting: RHB Thomas Brassil
|
0-0: Swinging Strike 0-1: Ball 1-1: Foul Ball, location: 2F 1-2: SINGLE (Line Drive, 9S, EV 110.6 MPH)
|
|
Batting: RHB Darrin Jackson
|
0-0: Ball 1-0: Foul Ball, location: 2F 1-1: Fly out, F8 (Line Drive, 8RD, EV 93.8 MPH)
|
|
Pitching: RHP Mark Leonette
|
|
|
Batting: RHB Jose Estrada
|
0-0: Ball 1-0: Ball 2-0: Called Strike 2-1: Ball 3-1: Base on Balls Thomas Brassil to second
|
|
Batting: SHB Todd Mabe
|
0-0: Foul Ball, location: 2F 0-1: Called Strike 0-2: Strikes out swinging
|
|
Batting: LHB Dave Martinez
|
0-0: Foul Ball, location: 2F 0-1: Fly out, F8 (Flyball, 8RS, EV 87.5 MPH)
|
| Bottom of the 8th over - 0 runs, 1 hit, 0 errors, 2 left on base; Port Lavaca 0 - Sarasota 1 |
| TOP OF THE 9TH |
|
Port Lavaca Indians batting - Pitching for Sarasota Eagles : RHP Charlie Corbell
|
|
Now at 1B: John Metasavage
|
|
|
Batting: LHB Raul Dominguez
|
0-0: Called Strike 0-1: Fly out, F7 (Flyball, 78XD, EV 93.1 MPH)
|
|
Pitching: RHP Kent Johnson
|
|
|
Batting: LHB Antonio Huerta
|
0-0: Ball 1-0: Foul Ball, location: 2F 1-1: Ball 2-1: Ball 3-1: Foul Ball, location: 2F 3-2: Fly out, F5 (Line Drive, 5, EV 64.4 MPH)
|
|
Batting: SHB John Rigos
|
0-0: Called Strike 0-1: Ball 1-1: SINGLE (Line Drive, 89M, EV 92.5 MPH)
|
|
Batting: LHB Wally Joyner
|
0-0: Ball 1-0: Called Strike 1-1: Ball 2-1: Ball 3-1: Base on Balls John Rigos to second
|
|
Pinch Hitting: RHB Jim Lindeman
|
0-0: Ball 1-0: Ball 2-0: Foul Ball, location: 2F 2-1: Ball 3-1: Foul Ball, location: 2F 3-2: Strikes out looking
|
| Top of the 9th over - 0 runs, 1 hit, 0 errors, 2 left on base; Port Lavaca 0 - Sarasota 1 |
|